 Dungeon Crawl Stone Soup version 0.28-a0-422-gd71735cc25 (webtiles) character file.

Game seed: 12352293080475530854

956 freelancePsychic the Magician (level 8, -6/59 HPs)
             Began as a Djinni Fire Elementalist on Sept 9, 2021.
             Was an Initiate of Ashenzari.
             Mangled by an iguana (9 damage)
             ... on level 5 of the Dungeon.
             The game lasted 00:06:34 (5222 turns).

freelancePsychic the Magician (DjFE)                Turns: 5222, Time: 00:06:34

Health: -6/59      AC:  2    Str:  7    XL:     8   Next: 36%
Gold:   479        EV: 12    Int: 20    God:    Ashenzari [......] SH:  0 Dex: 13

rFire   + + +      SeeInvis .   b - staff of cold
rCold   + . .      Faith    .   (no shield)
rNeg    . . .      Spirit   .   a - +0 robe "Share My Discomfort" {Range, Fort} (curse)
rPois   ∞          Reflect  .   (no helmet)
rElec   +          Harm     .   (no cloak)
rCorr   +          Rampage  .   (no gloves)
Will    .....                   (boots unavailable)
Stlth   ++........              (no amulet)
HPRegen 0.19/turn               (no ring)
MPRegen 0.00/turn               (no ring)

@: about to teleport, resistant, flying
A: sickness immunity, fire resistance 2, cold vulnerability 1, float, innate
caster, hp casting, extra vitality 1
a: Renounce Religion, Shatter the Chains


You were on level 5 of the Dungeon.
You worshipped Ashenzari.
Ashenzari was noncommittal.
You visited 1 branch of the dungeon, and saw 5 of its levels.

You collected 479 gold pieces.

Inventory:

Armour
 a - the cursed +0 robe "Share My Discomfort" (worn) {Range, Fort}

   It has a curse which improves the following skills: Ranged Combat: Slings,
   Bows, Crossbows and Throwing.
   Fortitude: Armour and Shields.
Magical Staves
 b - a staff of cold (weapon)
Jewellery
 g - a ring of ice
Scrolls
 c - a scroll of teleportation {@r4}
 h - 2 scrolls of fog
 j - a scroll of enchant weapon
Potions
 e - a potion of attraction


   Skills:
 + Level 5.0 Fighting
 - Level 2.1 Dodging
 - Level 1.5 Stealth
 * Level 6.2 Spellcasting


You had one spell level left.
You knew the following spells:

 Your Spells              Type           Power      Damage    Failure   Level
a - Foxfire               Conj/Fire      100%       2x1d9     1%          1
b - Scorch                Fire           62%        2d8       1%          2
c - Inner Flame           Hex/Fire       31%        N/A       2%          3
d - Conjure Flame         Conj/Fire      31%        6-21      2%          3
e - Flame Wave            Conj/Fire      31%        3d7       8%          4
f - Apportation           Tloc           62%        N/A       1%          1
g - Slow                  Hex            31%        N/A       1%          2
h - Poisonous Vapours     Pois/Air       62%        N/A       1%          2
Your spell library was empty.

Dungeon Overview and Level Annotations

Branches:
Dungeon (5/15)             Temple (0/1) D:4

Altars:
Ashenzari
Gozag
Sif Muna
Uskayaw
Wu Jian
Yredelemnul

Shops:
D:1 =

Annotations:
D:5 Edmund


Innate Abilities, Weirdness & Mutations

You are immune to sickness and miasma.
You are immune to poison.
Your flesh is very heat resistant. (rF++)
You are vulnerable to cold. (rC-)
You float through the air rather than walking.
You learn spells naturally, not from books.
Your magical power is your life essence.
You have superior vitality. (+4 HP)


Message History

You feel much better. The orc barely misses you. The scorpion stings you.
The elf zombie is engulfed in blazing flames.
Flame seeps out of the elf zombie.
The elf zombie hits you.
You feel protected. The scorpion misses you.
The orc hits you with a +0 falchion. The iguana closely misses you.
The elf zombie completely misses you.
An orc comes into view. It is wielding a +0 flail.
The scorpion stings you.
Casting: Inner Flame (dangerous; 2% risk of failure)
Confirm with . or Enter, or press ? or * to list all spells.
Flames lash the centaur zombie.
The centaur zombie is moderately damaged.
The centaur zombie's fire resistance burns away.
You hear an angry growl.
The orc hits you with a +0 falchion! The iguana closely misses you.
The scorpion barely misses you. The elf zombie closely misses you.
You hit the elf zombie.
Flame seeps out of the elf zombie.
The elf zombie is severely damaged.
The orc hits you with a +0 falchion!
* * * LOW HITPOINT WARNING * * *
The iguana hisses menacingly.
The iguana bites you!
* * * LOW HITPOINT WARNING * * *
The scorpion stings you.
* * * LOW HITPOINT WARNING * * *
The elf zombie is engulfed in blazing flames.
Flame seeps out of the elf zombie.
The elf zombie completely misses you. The orc closely misses you.
You feel better. The scorpion barely misses you. The iguana bites you.
* * * LOW HITPOINT WARNING * * *
The orc hits you with a +0 falchion.
* * * LOW HITPOINT WARNING * * *
As you read the scroll of teleportation {@r4}, it crumbles to dust.
You feel strangely unstable.
You hear the slow hiss of an avalanche of sand very nearby.
The centaur zombie is no longer more vulnerable to fire.
The scorpion stings you.
* * * LOW HITPOINT WARNING * * *
The iguana bites you!
You die...

##### ######## ......
.....5.< ∩
###...##.....55..
#...........>...5
#.#...#..........
#+###l....#......s...
#..Z@sZ..............
#####o.o.............
.#.###....#....#####
#...Z...?..#...##
##..##...o......###
.. #..(...<.......
#......#..#####
......o.##.##
.....##.# o#


You could see a scorpion, an iguana, an orc priest, 2 orcs, an elf zombie (inner
flame) and a centaur zombie.

Vanquished Creatures
  Pikel (D:4)
  Sigmund (D:4)
  An ogre (D:4)
  A bullfrog (D:4)
  An orc priest (D:4)
  A scorpion zombie (D:3)
  An orc wizard (D:4)
  A hound zombie (D:3)
  3 adders
  3 adder skeletons (D:4)
  A worm (D:3)
  2 dart slugs (D:3)
  5 orcs
  7 bats
  2 endoplasms (D:2)
  A giant cockroach (D:4)
  4 hobgoblins
  10 jackals
  A quokka (D:2)
  6 ball pythons
  A frilled lizard (D:3)
  6 goblins
  4 kobolds
  12 rats
76 creatures vanquished.

Vanquished Creatures (collateral kills)
  4 foxfires
4 creatures vanquished.

Vanquished Creatures (others)
  224 foxfires
  3 plants (D:4)
227 creatures vanquished.

Grand Total: 307 creatures vanquished

Notes
Turn   | Place    | Note
-------+----------+-------------------------------------------
     0 | D:1      | freelancePsychic the Djinni Fire Elementalist began the
                  | quest for the Orb.
     0 | D:1      | Reached XP level 1. HP: 15/15 MP: 0/0
   386 | D:1      | Found Siotoig's Jewellery Shoppe.
   494 | D:1      | Reached XP level 2. HP: 16/22 MP: 0/0
   630 | D:2      | Reached skill level 1 in Fighting
   995 | D:1      | Reached skill level 3 in Spellcasting
   995 | D:1      | Reached XP level 3. HP: 22/27 MP: 0/0
   995 | D:1      | Learned a level 1 spell: Apportation
  1060 | D:1      | Found a faded altar of an unknown god.
  2591 | D:3      | Reached XP level 4. HP: 26/33 MP: 0/0
  2945 | D:3      | Found a broken altar of Ashenzari.
  3011 | D:3      | Found an ornate altar of the Wu Jian Council.
  3047 | D:3      | Found a hide-covered altar of Uskayaw.
  3312 | D:3      | Found a basalt altar of Yredelemnul.
  3322 | D:3      | Reached XP level 5. HP: 16/38 MP: 0/0
  3322 | D:3      | Learned a level 2 spell: Slow
  3916 | D:3      | Became a worshipper of Ashenzari the Shackled
  3934 | D:4      | Identified a scroll of acquirement
  4048 | D:4      | Noticed a bullfrog
  4053 | D:4      | Killed a bullfrog
  4054 | D:4      | Reached skill level 4 in Spellcasting
  4054 | D:4      | Reached XP level 6. HP: 40/45 MP: 0/0
  4344 | D:4      | Noticed an ogre
  4900 | D:4      | Found an opulent altar of Gozag.
  4937 | D:4      | Noticed Sigmund
  4937 | D:4      | Killed an ogre
  4943 | D:4      | Killed Sigmund
  4944 | D:4      | Reached skill level 5 in Spellcasting
  4944 | D:4      | Reached XP level 7. HP: 30/52 MP: 0/0
  4944 | D:4      | Learned a level 2 spell: Poisonous Vapours
  5072 | D:4      | Found a staircase to the Ecumenical Temple.
  5155 | D:4      | Acquired 285 gold pieces
  5173 | D:5      | Entered Level 5 of the Dungeon
  5173 | D:5      | Noticed Edmund
  5173 | D:5      | Noticed Pikel
  5180 | D:4      | Killed Pikel
  5181 | D:4      | Reached skill level 5 in Fighting
  5181 | D:4      | Reached skill level 6 in Spellcasting
  5181 | D:4      | Reached XP level 8. HP: 7/59 MP: 0/0
  5222 | D:5      | Mangled by an iguana

Illustrated notes

Levels and vault maps discovered:
D:1:      dpeg_arrival_ratfight, layout_basic, ebering_ecumenical_altar_mist,
          serial_shops, shop_statue, hangedman_feature_mirror,
          minmay_misc_feat_rugged
D:2:      layout_rooms, minivault_11, chequers_decorated_corner, minmay_puff
D:3:      cheibrodos_old_hovel, layout_rooms, mainiacjoe_overflow_paths,
          nicolae_uskayaw_dance_hall, mainiacjoe_overflow_tiny_flanked,
          lemuel_zombie_altar_yredelemnul, nicolae_sif_muna_condensation
D:4:      layout_basic, nicolae_overflow_crystal_walls,
          minmay_temple_entry_glassed_door, serial_bayou_ford_a, uniq_sigmund
D:5:      cheibrodos_quashed, layout_rooms, nicolae_ossuary_entry_catacombs,
          serial_corexii_hall, chequers_hall_statues_wall_a,
          chequers_hall_statues_y, corexii_hall_statues_i,
          nicolae_shop_overcharged_wands, uniq_grinder, uniq_edmund, uniq_pikel

Skill      XL: |  1  2  3  4  5  6  7 |
---------------+----------------------+-----
Fighting       | 1 2 4 5 |  5.0
Spellcasting   | 3 4 5 6 |  6.2
Dodging        | |  2.1
Stealth        | |  1.5

Action                   |  1- 3 |  4- 6 |  7- 9 || total
-------------------------+-------+-------+-------++-------
Melee: Staff             |    10 |     4 |     3 ||    17
 Cast: Foxfire           |    64 |    65 |       ||   129
       Scorch            |     5 |    33 |     5 ||    43
       Inner Flame       |       |     3 |     2 ||     5
       Conjure Flame     |       |     1 |       ||     1
Invok: Curse Item        |       |     1 |       ||     1
  Use: Scroll            |     3 |     2 |     2 ||     7
       Potion            |       |       |     4 ||     4
Armor: Robe              |     4 |     5 |     3 ||    12
Dodge: Dodged            |    15 |    14 |    19 ||    48

Table legend: (Time is in decaauts)
 A = Elapsed time spent in this place.
 B = Non-inter-level travel time spent in this place.
 C = Inter-level travel time spent in this place.
 D = Time resting spent in this place.
 E = Time spent auto-exploring this place.
 F = Levels seen in this place.
 G = Mean time per level.
                   A        B        C        D        E       F      G
               +--------+--------+--------+--------+--------+-----+--------+
         Total |   5226 |   5061 |    165 |    450 |   4084 |   5 | 1045.2 |
       Dungeon |   5226 |   5061 |    165 |    450 |   4084 |   5 | 1045.2 |
               +--------+--------+--------+--------+--------+-----+--------+

Top non-repeatable levels by time:
     D:1: 1447 daAuts
     D:3: 1403 daAuts
     D:4: 1276 daAuts
     D:2: 1078 daAuts
     D:5: 21 daAuts
